Map: Deathaura LE

Players

Kas

  • Race: Terran Terran
  • Spawn Location: 11:00

Lambo - Winner!

  • Race: Zerg Zerg
  • League: Master
  • Spawn Location: 5:00

Event: DreamHack SC2 Masters 2020 Winter

VOD

Have the link to the VOD?

Description

Time

  • Played on: Oct. 21, 2020, 2:40 p.m.
  • Length: 14:41

All games in this series

Show
View Real Time Build Order
Export as new Build Order

Kas Terran 

Build Orders: Liberator Opening, Reaper Expand 

Get SALT Encoding   

  12  0:00  SCV  
  13  0:12  SCV  
  14  0:17  Supply Depot  
  14  0:24  SCV  
  15  0:39  SCV  
  15  0:40  Barracks  
  16  0:42  Refinery  
  16  0:51  SCV  
  17  1:03  SCV  
  18  1:15  SCV  
  19  1:27  Reaper, Orbital Command  
  20  1:39  Command Center  
  20  1:49  Supply Depot  
  20  1:53  SCV  
  21  1:59  Marine  
  22  2:05  SCV  
  22  2:07  Factory  
  23  2:17  SCV  
  23  2:20  Barracks Reactor  
  24  2:29  SCV  
  25  2:35  Command Center  
  25  2:42  SCV  
  26  2:52  Orbital Command  
  26  2:56  SCV  
  27  2:58  Starport  
  27  3:04  Hellion  
  29  3:07  Hellion  
  29  3:09  SCV  
  32  3:12  Refinery  
  32  3:15  Marine  
  32  3:18  SCV  
  34  3:21  SCV  
  35  3:30  SCV, Hellion x2  
  35  3:33  SCV  
  41  3:42  SCV  
  41  3:45  SCV, Liberator  
  46  3:49  Orbital Command  
  46  3:51  Barracks Tech Lab  
  46  3:54  SCV  
  47  3:57  SCV  
  47  4:00  Hellion  
  47  4:02  Hellion  
  52  4:04  Supply Depot  
  52  4:07  SCV  
  52  4:09  SCV  
  54  4:10  Stimpack, Marine  
  54  4:15  SCV  
  56  4:19  SCV  
  56  4:22  SCV, Hellion  
  60  4:24  Supply Depot  
  60  4:26  Hellion  
  60  4:28  Supply Depot  
  63  4:31  Orbital Command  
  63  4:32  SCV  
  63  4:33  Starport Reactor  
  63  4:34  SCV  
  63  4:38  Marine  
  65  4:39  Barracks  
  65  4:44  SCV  
  66  4:47  SCV, Supply Depot  
  67  4:55  Barracks  
  67  4:56  SCV  
  67  4:57  Engineering Bay  
  67  4:58  SCV, Factory Tech Lab  
  67  4:59  SCV, Engineering Bay  
  70  5:07  Refinery  
  70  5:08  SCV, Supply Depot  
  70  5:09  Refinery  
  70  5:10  SCV  
  70  5:11  SCV, Marine  
  74  5:23  SCV  
  74  5:25  Terran Infantry Weapons Level 1  
  74  5:27  SCV  
  76  5:28  SCV  
  76  5:29  Marine  
  76  5:30  Starport Reactor  
  76  5:32  Supply Depot  
  75  5:37  Siege Tank  
  75  5:39  SCV x2  
  75  5:41  Barracks  
  80  5:44  Barracks  
  80  5:46  Marine  
  79  5:50  SCV  
  79  5:51  Combat Shield, Marine x4  
  79  5:54  SCV x2  
  79  5:56  Terran Infantry Armor Level 1  
  84  6:04  Marine  
  84  6:06  SCV  
  84  6:08  Marine x2  
  84  6:09  Marine x2  
  84  6:10  Armory  
  90  6:13  SCV  
  90  6:14  Siege Tank  
  90  6:17  SCV  
  95  6:19  SCV  
  95  6:20  Supply Depot  
  95  6:21  Supply Depot  
  95  6:22  Marine  
  97  6:25  Medivac x2  
  97  6:26  Marine x4  
  97  6:27  SCV  
  97  6:31  Barracks Reactor x2  
  106  6:35  SCV x2  
  108  6:40  Supply Depot, Marine  
  108  6:41  SCV  
  108  6:44  Marine  
  111  6:47  Barracks  
  111  6:48  Marine x2, Barracks  
  111  6:50  Barracks  
  111  6:52  Supply Depot  
  111  6:53  Marine  
  114  6:54  Siege Tank  
  114  7:00  Marine  
  118  7:02  Marine  
  118  7:06  Marine x3  
  118  7:07  Marine x2  
  124  7:09  Marine  
  124  7:11  Supply Depot, Marine  
  124  7:14  SCV  
  127  7:18  Marine  
  127  7:20  Marine  
  127  7:21  Terran Infantry Weapons Level 2  
  129  7:24  Marine x3  
  129  7:25  Supply Depot, Marine x2  
  129  7:26  Supply Depot  
  129  7:27  Supply Depot  
  134  7:33  Marine  
  134  7:34  Marine  
  134  7:35  Barracks Reactor  
  134  7:36  Barracks Reactor x2  
  136  7:38  Supply Depot  
  134  7:45  Marine  
  134  7:47  Marine  
  134  7:48  Marine  
  134  7:49  Marine x3  
  134  7:50  Medivac x2, Siege Tank  
  136  7:52  Missile Turret  
  136  7:53  Missile Turret  
  133  7:59  Marine x3  
  133  8:02  Terran Infantry Armor Level 2  
  133  8:03  Supply Depot, Marine  
  133  8:05  Supply Depot, Marine  
  136  8:06  Marine x3  
  136  8:07  Marine  
  136  8:10  Supply Depot  
  136  8:12  Supply Depot, Marine x6  
  143  8:17  Marine x3  
  148  8:21  Marine  
  148  8:23  Marine  
  148  8:24  Marine  
  148  8:26  Marine x3  
  154  8:28  Siege Tank  
  154  8:29  Medivac x2, Marine x2  
  154  8:30  Marine  
  154  8:31  Marine  
  154  8:32  Marine  
  154  8:33  Command Center  
  166  8:34  Marine  
  166  8:35  Marine  
  168  8:41  Marine  
  168  8:44  Marine x2  
  171  8:51  Marine x2  
  171  8:53  Marine x7  
  171  8:55  Marine x3  
  183  8:59  Marine  
  183  9:02  Marine x2  
  186  9:06  Siege Tank  
  186  9:09  Marine  
  190  9:12  Marine x2  
  190  9:14  Marine x9  
  194  9:45  Marine x15  
  134  9:46  Medivac x2, Siege Tank  
  134  9:51  Barracks  
  140  9:58  Barracks  
  140  10:00  Terran Infantry Weapons Level 3  
  140  10:02  Marine  
  140  10:03  Marine x6  
  140  10:06  Marine  
  140  10:07  Marine  
  129  10:08  Marine x6  
  130  10:20  Marine x6  
  130  10:21  Marine  
  132  10:22  Siege Tank  
  132  10:24  Planetary Fortress, Marine x2  
  132  10:25  Marine  
  132  10:26  Marine x2  
  140  10:28  Marine x2  
  140  10:32  Marine  
  140  10:34  Medivac  
  145  10:38  Marine x4  
  145  10:39  Marine x4  
  145  10:42  Marine  
  154  10:52  Marine x2  
  154  10:54  Marine x6  
  154  10:56  Marine x4  
  166  10:57  Marine x3  
  166  10:58  Siege Tank  
  166  10:59  Marine  
  166  11:03  Marine  
  174  11:08  Liberator x2  
  174  11:10  Marine x2  
  182  11:11  Marine  
  182  11:12  Marine x4  
  186  11:22  Marine  
  186  11:25  Marine  
  181  11:30  Marine  
  181  11:31  Marine x4  
  180  11:32  Marine  
  180  11:33  Marine x2  
  180  11:34  Marine x7  
  180  11:35  SCV  
  191  11:40  Marine, Siege Tank  
  191  11:43  Marine  
  196  11:48  SCV, Marine x3  
  196  11:50  Marine  
  196  11:51  Marine  
  196  11:52  Marine  
  195  11:57  Liberator x2  
  189  12:05  Marine x2  
  189  12:06  Marine  
  189  12:07  Marine x8  
  182  12:18  Marine x6  
  182  12:23  Marine x2  
  182  12:24  Marine x9  
  165  12:41  Marine x2  
  156  12:47  Marine x2  
  152  12:56  Marine  
  152  12:57  Marine x12  
  152  12:58  Siege Tank  
  153  12:59  Marine x2  
  153  13:05  Marine  
  100  13:20  Marine  
  100  13:21  Marine x7  
  100  13:22  Marine  
  100  13:26  Marine x5  
  105  13:28  Marine  
  105  13:30  Siege Tank  
  108  13:44  Marine  
  109  13:53  Marine x2  
  111  13:58  Marine  
  111  14:02  Siege Tank  
  113  14:03  Marine  
  111  14:12  Marine x4  
  111  14:15  Marine  
Show
View Real Time Build Order
Export as new Build Order

Lambo Zerg - Winner!

Build Orders: Hatch First 

Get SALT Encoding   

  12  0:00  Drone  
  13  0:12  Overlord  
  13  0:16  Drone  
  14  0:31  Drone x2  
  16  0:46  Hatchery  
  15  0:50  Drone  
  15  0:55  Drone  
  17  0:58  Drone  
  18  1:12  Spawning Pool  
  18  1:15  Extractor  
  18  1:17  Drone  
  17  1:20  Drone  
  18  1:28  Drone  
  19  1:39  Drone  
  20  1:49  Overlord  
  20  1:58  Queen x2  
  20  1:59  Zergling x2  
  20  2:00  Zergling x2  
  26  2:10  Drone  
  26  2:11  Drone  
  28  2:20  Drone  
  28  2:21  Metabolic Boost  
  30  2:22  Drone  
  30  2:37  Hatchery  
  30  2:41  Drone  
  30  2:47  Drone x2  
  32  2:56  Overlord  
  32  2:58  Pneumatized Carapace, Drone  
  32  3:04  Drone x2  
  35  3:09  Drone  
  36  3:14  Queen  
  36  3:17  Drone x2  
  36  3:19  Overlord  
  40  3:23  Drone  
  40  3:26  Drone  
  42  3:30  Drone  
  43  3:41  Queen  
  43  3:42  Drone x2  
  43  3:43  Overlord  
  43  3:45  Zergling x4  
  49  3:50  Zergling x4  
  51  3:56  Overlord  
  51  3:59  Drone  
  51  4:01  Drone  
  51  4:02  Drone  
  54  4:03  Queen  
  54  4:04  Queen  
  54  4:07  Overlord  
  58  4:12  Drone  
  58  4:13  Drone x3  
  58  4:16  Drone  
  63  4:18  Drone  
  63  4:21  Drone  
  63  4:23  Baneling Nest  
  64  4:27  Overlord  
  64  4:28  Drone  
  65  4:32  Lair  
  65  4:35  Drone x3  
  68  4:38  Spore Crawler  
  68  4:39  Spore Crawler  
  68  4:41  Drone  
  68  4:42  Spore Crawler, Drone  
  67  4:47  Extractor  
  67  4:48  Drone x3, Extractor  
  68  4:53  Drone x3  
  68  4:54  Zergling x4  
  68  4:57  Zergling x2  
  74  5:00  Drone x2  
  76  5:08  Zergling x6  
  79  5:16  Drone x5  
  79  5:18  Drone  
  85  5:23  Drone  
  85  5:26  Evolution Chamber, Drone x4  
  87  5:29  Evolution Chamber  
  87  5:30  Drone  
  87  5:37  Centrifical Hooks  
  87  5:41  Zergling x6  
  87  5:42  Hatchery  
  89  5:46  Zergling x2  
  90  5:50  Overlord  
  90  5:51  Extractor  
  90  5:52  Extractor  
  90  5:53  Zergling x4  
  90  5:55  Overlord  
  90  5:56  Overlord  
  90  6:01  Zerg Melee Weapons Level 1, Zerg Ground Armor Level 1  
  90  6:02  Overlord  
  90  6:05  Overlord  
  90  6:07  Overlord  
  90  6:08  Overlord  
  90  6:11  Overlord  
  90  6:13  Zergling x6  
  90  6:17  Zergling x4  
  95  6:22  Drone  
  95  6:24  Zergling x2  
  95  6:25  Zergling x4  
  99  6:27  Zergling x2, Baneling x4  
  99  6:30  Zergling x8  
  99  6:32  Zergling x4  
  106  6:33  Zergling x2  
  106  6:42  Queen, Drone  
  106  6:45  Zergling x2, Drone  
  111  6:47  Hydralisk Den  
  111  6:51  Zergling x4  
  111  6:52  Baneling x3  
  112  6:57  Queen  
  112  6:59  Zergling x10  
  118  7:09  Drone x4  
  118  7:11  Drone x2  
  118  7:15  Overlord  
  124  7:18  Zergling x8  
  128  7:23  Drone  
  128  7:25  Drone x4  
  128  7:28  Drone x5  
  136  7:31  Muscular Augments  
  136  7:34  Zergling x2  
  136  7:35  Zergling x2  
  137  7:39  Zergling x2  
  137  7:40  Zergling x14  
  140  7:47  Zergling x2  
  140  7:51  Drone x3  
  137  7:55  Zergling x2  
  137  7:57  Hatchery  
  137  7:58  Zergling x6  
  138  7:59  Zerg Ground Armor Level 2  
  138  8:00  Zerg Melee Weapons Level 2  
  138  8:04  Zergling x18  
  147  8:11  Hydralisk x5  
  155  8:13  Baneling x13  
  155  8:14  Infestation Pit  
  155  8:18  Hydralisk x2  
  158  8:28  Zergling x4  
  160  8:36  Extractor  
  160  8:37  Overlord x2  
  159  8:46  Zergling x2  
  159  8:48  Baneling x6  
  159  8:49  Baneling x9  
  159  8:51  Zergling x2  
  159  8:54  Overlord  
  162  8:59  Zergling x28  
  162  9:00  Baneling x9  
  162  9:01  Baneling x3  
  162  9:02  Overlord  
  175  9:04  Overlord  
  175  9:05  Overlord  
  171  9:10  Zergling x20  
  171  9:15  Hive  
  179  9:19  Extractor  
  179  9:20  Zergling x10  
  183  9:25  Zergling x10  
  183  9:29  Zergling x8  
  192  9:33  Zergling x2  
  192  9:34  Zergling x2  
  189  9:42  Zergling x8  
  141  9:48  Zergling x10  
  141  9:50  Baneling x13  
  141  9:51  Zergling x2  
  146  9:53  Zergling x2  
  146  9:54  Zergling x6, Baneling  
  146  9:55  Baneling x10  
  146  9:56  Queen  
  146  9:57  Zergling x2  
  146  9:58  Zergling x2  
  146  9:59  Zergling x8  
  157  10:04  Zergling x4  
  145  10:08  Zergling x2  
  145  10:09  Zergling x2  
  136  10:15  Zergling x6  
  134  10:22  Zergling x20  
  134  10:24  Baneling x6  
  134  10:26  Grooved Spines  
  134  10:27  Zerg Missile Weapons Level 1  
  144  10:29  Zergling x12  
  144  10:32  Adrenal Glands  
  144  10:33  Zergling x4  
  152  10:36  Drone  
  152  10:40  Viper  
  152  10:42  Zergling x2  
  157  10:44  Baneling x7  
  157  10:45  Zergling x8  
  157  10:50  Zergling x12  
  157  10:53  Zergling x2  
  162  10:58  Zergling x16  
  162  11:04  Hydralisk  
  170  11:05  Zergling x2  
  170  11:10  Zergling x10  
  178  11:14  Zerg Ground Armor Level 3  
  176  11:21  Zergling x20  
  181  11:26  Drone x3  
  181  11:27  Drone x5  
  181  11:28  Ultralisk Cavern  
  181  11:31  Zergling x2  
  181  11:32  Zergling x2  
  171  11:33  Zergling x2  
  171  11:37  Zergling x4  
  174  11:41  Baneling  
  174  11:42  Baneling x5  
  174  11:45  Zergling x16  
  173  11:57  Zergling x18  
  173  11:58  Baneling x16  
  178  12:02  Zergling x4  
  176  12:11  Zergling x14  
  176  12:14  Zergling x2  
  181  12:20  Zergling x10  
  181  12:21  Baneling x13  
  176  12:24  Zergling x6  
  176  12:29  Zergling x10  
  179  12:35  Zergling x2  
  179  12:40  Zergling x10  
  175  12:45  Zergling x4  
  168  12:53  Zergling x4  
  168  12:56  Zergling x6  
  168  12:58  Zergling x6  
  167  13:00  Baneling x12  
  167  13:02  Zergling x2  
  167  13:07  Zergling x2  
  167  13:08  Zergling x4  
  167  13:12  Zergling x18  
  143  13:15  Ultralisk  
  143  13:19  Zergling x2  
  126  13:23  Ultralisk x2  
  134  13:32  Zergling x6, Extractor  
  134  13:33  Extractor  
  134  13:34  Zergling x2  
  136  13:35  Baneling x5  
  136  13:38  Hatchery  
  136  13:39  Zergling x2  
  136  13:41  Baneling x5  
  136  13:42  Zergling x4  
  136  13:46  Queen  
  136  13:47  Zergling x4  
  142  13:48  Baneling x5  
  142  13:50  Hatchery  
  142  13:52  Zergling x4  
  142  13:55  Overlord  
  140  13:59  Zergling x2  
  139  14:03  Zergling x2  
  139  14:08  Zergling x8  
  148  14:17  Zergling x4  
  148  14:22  Zergling x4  
Tags
 
Add a new tag
Caveats
  • Supply blocks, unpowered buildings, or Contaminate may cause inaccurate times.
  • Supply counts are checked every 10 seconds.